 Dungeon Sprint DCSS version 0.30-a0-937-ga0a21ad780 (webtiles) character file.

Game seed: 5191543471972049394

151 Hubris850 the Basher (level 5, -8/53 HPs)
             Began as an Ogre Reaver on Mar 24, 2023.
             Was an Initiate of Cheibriados.
             Mangled by a vampire (11 damage)
             ... in the Dungeon (Sprint IX: "|||||||||||||||||||||||||||||").
             The game lasted 00:02:22 (302 turns).

Hubris850 the Basher (Ogre Reaver)                   Turns: 302, Time: 00:02:22

Health: -8/53      AC:  6    Str: 19    XL:     5   Next: 33%
Magic:  8/8        EV: 10    Int: 15    God:    Cheibriados [......]
Gold:   0          SH:  0    Dex: 11    Spells: 7/8 levels left

rFire   . . .      SeeInvis .    k - +2 morningstar (protect)
rCold   . . .      Faith    .    (no shield)
rNeg    . . .      Spirit   .    b - +0 robe
rPois   .          Reflect  .    (helmet restricted)
rElec   .          Rampage  .    m - +0 cloak
rCorr   .          NoTele   +    (gloves unavailable)
Will    .....                    (boots unavailable)
Stlth   +                        (no amulet)
HPRegen 0.28/turn                n - +2 ring of protection
MPRegen 0.11/turn                o - +3 ring of dexterity

@: invisible, very slow
A: large, unfitting armour, tough skin 1
a: Renounce Religion


You were in the Dungeon.
You worshipped Cheibriados.
Cheibriados was noncommittal.
You visited 1 branch

Inventory:

Hand Weapons
 a - a +0 mace
 k - a +2 morningstar of protection (weapon)
 l - a +2 scimitar of flaming
Armour
 b - a +0 robe (worn)
 m - a +0 cloak (worn)
Jewellery
 n - a +2 ring of protection (left hand)
 o - a +3 ring of dexterity (right hand)
Wands
 j - a wand of light (10)
Scrolls
 h - 2 scrolls of blinking
 i - 2 scrolls of amnesia
Potions
 c - 5 potions of curing
 d - 2 potions of heal wounds
 e - a potion of haste
 f - 4 potions of magic


   Skills:
 - Level 3.0 Fighting
 + Level 9.1 Maces & Flails
 - Level 4.0 Dodging
 - Level 2.4 Spellcasting
 - Level 2.6 Conjurations


You had 7 spell levels left.
You knew the following spells:

 Your Spells              Type           Power      Damage    Failure   Level
a - Kiss of Death         Conj/Necr      20%        2d7       12%         1

Your spell library contained the following spells:

 Spells                   Type           Power      Damage    Failure   Level
 Momentum Strike          Conj/Tloc      10%        3d8       19%         2
 Hailstorm                Conj/Ice       5%         3d4       36%         3


Dungeon Overview and Level Annotations

Branches:
Dungeon (1/1)

Altars:
Cheibriados
Dithmenos
Elyvilon
Fedhas
Gozag
Hepliaklqana
Kikubaaqudgha
Makhleb
Nemelex Xobeh
Okawaru
Qazlal
Ru
Sif Muna
Trog
Uskayaw
Vehumet
Wu Jian
Xom
Yredelemnul
Zin
The Shining One
Jiyva
Lugonu


Innate Abilities, Weirdness & Mutations

You are too large for most types of armour.
You have tough skin. (AC +1)


Message History

The vampire hits you but does no damage.
The vampire bites you.
The vampire draws strength from your injuries!
You hit the vampire.
The vampire is lightly damaged.
The vampire hits you but does no damage.
The vampire bites you but does no damage.
You puncture the vampire!
The vampire is heavily damaged.
The vampire gestures wildly while chanting.
The vampire flickers and vanishes!
Something hits you. Something bites you but does no damage.
You fade into invisibility!
* * * LOW HITPOINT WARNING * * *
You feel much better. Something hits you. Something completely misses you.
You closely miss something.
You hear some strange, mumbled words.
You are confused.
Unknown command.
You bump into the unnaturally hard rock wall.
Something hits you but does no damage. Something bites you.
Something draws strength from your injuries!
Unknown command.
You bump into the unnaturally hard rock wall.
Something hits you but does no damage. Something bites you.
Something draws strength from your injuries!
You're too confused to move!
Something hits you. Something bites you!
* * * LOW HITPOINT WARNING * * *
Something draws strength from your injuries!
Unknown command.
You closely miss something.
The howler monkey hoots and howls with incredible vigour!
Something hits you!
* * * LOW HITPOINT WARNING * * *
Something bites you but does no damage.
You hear two shouts!
You bump into the unnaturally hard rock wall.
You feel less confused. Something hits you!
You die... ▓▓▓▓▓▓▓▓▓▓▓▓▓▓▓▓▓▓▓▓▓▓▓▓ .hTDW{{@.[[..)..'_______ ▓▓▓▓▓▓▓▓▓▓▓▓▓▓▓▓▓▓▓▓▓▓▓▓

You could see a troll (unable to see you), a wraith, an acid dragon (unable to see you) and a howler monkey (unable to see you, catching breath).

Vanquished Creatures
  2 scorpions (D)
  A jelly (D)
  2 orcs (D)
  An endoplasm (D)
  A giant cockroach (D)
  A ball python (D)
  A kobold (D)
  A rat (D)
10 creatures vanquished.

Notes
Turn   | Place    | Note
-------+----------+-------------------------------------------
     0 | D        | Hubris850 the Ogre Reaver began the quest for the Orb.
     0 | D        | Reached XP level 1. HP: 22/22 MP: 3/3
     5 | D        | Reached skill level 3 in Maces & Flails
    34 | D        | Noticed a jelly
    34 | D        | Noticed a scorpion
    34 | D        | Noticed a scorpion
    36 | D        | Reached skill level 4 in Maces & Flails
    36 | D        | Reached XP level 2. HP: 31/31 MP: 5/5
    39 | D        | Killed a scorpion
    40 | D        | Reached skill level 6 in Maces & Flails
    40 | D        | Reached XP level 3. HP: 32/37 MP: 6/6
    40 | D        | Reached XP level 4. HP: 39/45 MP: 7/7
    43 | D        | Killed a scorpion
    44 | D        | Reached skill level 8 in Maces & Flails
    44 | D        | Reached XP level 5. HP: 32/53 MP: 8/8
    48 | D        | Reached skill level 9 in Maces & Flails
    53 | D        | HP: 2/53 [poisoned by a scorpion]
   232 | D        | Found a snail-covered altar of Cheibriados.
   232 | D        | Found a shadowy altar of Dithmenos.
   232 | D        | Found a white marble altar of Elyvilon.
   232 | D        | Found a blossoming altar of Fedhas.
   232 | D        | Found an opulent altar of Gozag.
   233 | D        | Found a hazy altar of Hepliaklqana.
   234 | D        | Found a viscous altar of Jiyva.
   235 | D        | Found an ancient bone altar of Kikubaaqudgha.
   236 | D        | Became a worshipper of Cheibriados the Contemplative
   237 | D        | Found a corrupted altar of Lugonu.
   238 | D        | Found a burning altar of Makhleb.
   239 | D        | Found a sparkling altar of Nemelex Xobeh.
   240 | D        | Found an iron altar of Okawaru.
   241 | D        | Found a stormy altar of Qazlal.
   242 | D        | Found a sacrificial altar of Ru.
   243 | D        | Found a shimmering blue altar of Sif Muna.
   244 | D        | Found a bloodstained altar of Trog.
   245 | D        | Found a hide-covered altar of Uskayaw.
   246 | D        | Found a radiant altar of Vehumet.
   247 | D        | Found an ornate altar of the Wu Jian Council.
   248 | D        | Found a shimmering altar of Xom.
   249 | D        | Found a basalt altar of Yredelemnul.
   250 | D        | Found a glowing silver altar of Zin.
   251 | D        | Found a glowing golden altar of the Shining One.
   287 | D        | Noticed a troll
   287 | D        | Noticed an acid dragon
   287 | D        | Noticed a wraith
   287 | D        | Noticed a vampire
   301 | D        | HP: 2/53 [something (11)]
   302 | D        | Mangled by a vampire

Illustrated notes

Levels and vault maps discovered:
D:        linesprint [early_d, line_temple, items_1, d_10, items_2, lair_1,
          lair_end, items_3, orc_1, orc_end, items_4, d_15, swamp_1, shoals_1,
          snake_1, spider_1, d_20, vaults_1, items_5, swamp_end, shoals_end,
          snake_end, spider_end, vaults_end, d_27, items_6, zot_1, zot_end,
          crypt_end, forest_end, elf_end, slime_end, tomb_end, abyss_end,
          pan_hell_end]

Skill      XL: |  1  2  3  4  5 |
---------------+----------------+-----
Maces & Flails | 4 6 8 9 |  9.1
Fighting       | 3 |  3.0
Dodging        | 2 3 4 |  4.0
Spellcasting   | |  2.4
Conjurations   | |  2.6

Action                     |  1- 3 |  4- 6 || total
---------------------------+-------+-------++-------
  Melee: Mace              |    14 |     8 ||    22
         Morningstar       |       |     9 ||     9
    Use: Potion            |     1 |     2 ||     3
 Armour: Robe              |     1 |     9 ||    10
  Dodge: Dodged            |     5 |     5 ||    10

Table legend: (Time is in decaauts)
 A = Elapsed time spent in this place.
 B = Non-inter-level travel time spent in this place.
 C = Inter-level travel time spent in this place.
 D = Time resting spent in this place.
 E = Time spent auto-exploring this place.
 F = Levels seen in this place.
 G = Mean time per level.
                   A        B        C        D        E       F      G
               +--------+--------+--------+--------+--------+-----+--------+
         Total |    320 |    320 |      0 |    197 |      0 |   1 |  320.0 |
       Dungeon |    320 |    320 |      0 |    197 |      0 |   1 |  320.0 |
               +--------+--------+--------+--------+--------+-----+--------+

Top non-repeatable levels by time:
       D: 320 daAuts
